 Dungeon Sprint DCSS version 0.24.0-125-gc4c63601f3 (webtiles) character file.

Game seed: 16679032191293836080, levelgen mode: deterministic

12259 Ponchio the Eclecticist (level 11, -5/71 HPs)
             Began as a Deep Elf Earth Elementalist on Feb 29, 2020.
             Was a High Priest of Vehumet.
             Shot with an arrow by a deep elf master archer (37 damage)
             ... in the Dungeon (Sprint II: "The Violet Keep of Menkaure").
             The game lasted 00:21:47 (2773 turns).

Ponchio the Eclecticist (DEEE)                      Turns: 2773, Time: 00:21:48

Health: -5/71      AC:  6    Str:  5    XL:     11   Next: 60%
Magic:  34/44      EV: 26    Int: 29    God:    Vehumet [*****.]
Gold:   274        SH:  5    Dex: 18    Spells: 32/47 levels left

rFire    . . .     SeeInvis .   (no weapon)
rCold    . . .     Gourm    .   (no shield)
rNeg     + . .     Faith    .   c - +0 robe
rPois    .         Spirit   .   (no helmet)
rElec    .         Reflect  +   t - +0 cloak
rCorr    .         Harm     .   a - +0 pair of gloves
MR       +++..     NoTele   +   (no boots)
Stlth    ++........             g - amulet of Yklyhon {Reflect +Fly Int+5 Dex+3 SH+5}
HPRegen  0.21/turn              k - ring of Insomnia {rN+ MR++ MP+9}
MPRegen  0.29/turn              (no ring)

@: no status effects
A: hooves 1, yellow scales 1, wild magic 1
a: Renounce Religion, Evoke Flight


You were in the Dungeon.
You worshipped Vehumet.
Vehumet was extremely pleased with you.
You were not hungry.

You visited 1 branch You collected 1488 gold pieces.
You spent 1214 gold pieces at shops.

Inventory:

Missiles
 b - 116 stones (quivered)
Armour
 a - a +0 pair of gloves (worn)
 c - a +0 robe (worn)
 t - a +0 cloak (worn)
Jewellery
 g - the amulet of Yklyhon (around neck) {Reflect +Fly Int+5 Dex+3 SH+5}
   (You bought it in a shop in the Dungeon)

   [amulet of reflection]

   It shields you and reflects attacks.
   It affects your intelligence (+5).
   It affects your dexterity (+3).
   It lets you fly.
   It affects your SH (+5).
 k - the ring of Insomnia (left hand) {rN+ MR++ MP+9}
   (You bought it in a shop in the Dungeon)

   [ring of positive energy]

   It protects you from negative energy.
   It affects your resistance to hostile enchantments.
   It affects your magic capacity (+9).
Scrolls
 l - a scroll of remove curse
 m - a scroll of amnesia
 n - 2 scrolls of magic mapping
Potions
 e - a potion of curing
 f - a potion of cancellation {unknown}
 h - 9 potions of flight
 i - 2 potions of berserk rage
 o - 3 potions of magic
 p - 3 potions of resistance
 s - a potion of might {unknown}
Comestibles
 d - 7 rations


   Skills:
 * Level 9.4 Fighting
 - Level 16.8 Dodging
 - Level 2.4 Stealth
 - Level 18.7 Spellcasting
 - Level 1.1 Transmutations
 - Level 17.8 Earth Magic


You had 32 spell levels left.
You knew the following spells:

 Your Spells              Type           Power        Failure   Level  Hunger
a - Sandblast             Erth           ######       1%          1    None
b - Passwall              Tmut/Erth      #######.     1%          2    None
c - Stone Arrow           Conj/Erth      ######       1%          3    None
d - Petrify               Tmut/Erth      #######.     1%          4    None
e - Lee's Rapid Deconstr  Erth           ########..   1%          5    None

Your spell library contained the following spells:

 Spells                   Type           Power        Failure   Level  Hunger
 Bolt of Draining         Conj/Necr      #####.....   14%         5    None


Dungeon Overview and Level Annotations

Branches:
Dungeon (1/1)

Altars:
Cheibriados
Dithmenos
Elyvilon
Fedhas
Gozag
Hepliaklqana
Kikubaaqudgha
Makhleb
Nemelex Xobeh
Okawaru
Qazlal
Ru
Sif Muna
Trog
Uskayaw
Vehumet
Wu Jian
Xom
Yredelemnul
Zin
The Shining One
Beogh
Jiyva
Lugonu

Shops:
D =!:}:([=!=%=[[?[

Annotations:
D exclusions: ice statue and oklob plant


Innate Abilities, Weirdness & Mutations

You have large cloven feet.
You are partially covered in yellow scales. (AC +2)
Your spells are a little harder to cast, but a little more powerful.


Message History

The wall shatters!
The blast of rock fragments hits the deep elf master archer!!!
The deep elf master archer is heavily wounded.
The deep elf master archer shoots an arrow.
The arrow completely misses you.
Casting: Lee's Rapid Deconstruction (safe; 1% risk of failure)
Confirm with . or Enter, or press ? or * to list all spells.
Aiming: Lee's Rapid Deconstruction (safe; 1% risk of failure)
Press: ? - help, Dir - move target cursor A stone wall.
The wall shatters!
The blast of rock fragments hits the deep elf master archer!!!
The deep elf master archer is almost dead.
The deep elf master archer shoots an arrow.
The arrow hits you!!!
Ouch! That really hurt!
The deep elf master archer shoots an arrow.
The arrow hits you!!!
Ouch! That really hurt!
You die...

#***,****,,,,,,,,*,,,,,*,,,*,**,,
####+####,,,,,,,,*,,,,,*,▓▓▓,**,,
#°..°○°.##⌠,,,,*+***,,,*,..▓,**,,
....°○○°.##,,,,*,,*▓▓+▓▓▓▓.▓,*,,,
○°.°°○°.○.##++#*,,,+..°▓0..▓,,,,,
○..zzz○z°##≈...###,#.°.▓▓▓▓▓▓▓▓▓▓
#,zzzz.,*#e≈.^...###..○▓≈≈≈≈≈§≈§▓
#+++#+++##**#....#.##○)▓▓▓▓▓▓▓▓▓▓
..(......#,,+..(@#.†#):▓.[).[...▓
≈.##'##..#,,####.#..#○)▓.....[[.▓
≈##.#.##.####..'.##.#))▓..).(...▓
≈#..#..#....#..#...####▓()...[..▓
###...####..#####..##.#▓........▓
.###'###.##..#..'..#..#▓..)[..[.▓
#.##.##..(#..#..#..#..#▓..[.....▓
##'.<.')#.+..####.^##.#▓..[.....▓
.###.##...#....###...##▓▓▓▓▓▓▓'▓▓


You could see a deep elf master archer.

Vanquished Creatures
  Kirke (D)
  A kraken (D)
  A yaktaur captain (D)
  A crystal guardian (D)
  A fire dragon (D)
  A centaur warrior (D)
  A skeletal warrior (D)
  2 death drakes (D)
  A merfolk siren (D)
  3 shining eyes (D)
  An elephant (D)
  A yaktaur (D)
  A kobold demonologist (D)
  3 polar bears (D)
  A hornet (D)
  2 redbacks (D)
  4 neqoxecs (D)
  2 swamp drakes (D)
  5 necrophages (D)
  A crocodile (D)
  A scorpion (D)
  An iron imp (D)
  3 worms (D)
  5 tentacles (D)
44 creatures vanquished.

Vanquished Creatures (others)
  Menkaure (D)
  A crocodile (D)
  3 tentacles (D)
5 creatures vanquished.

Grand Total: 49 creatures vanquished

Notes
Turn   | Place    | Note
-------+----------+-------------------------------------------
     0 | D        | Ponchio the Deep Elf Earth Elementalist began the quest for
                  | the Orb.
     0 | D        | Reached XP level 1. HP: 10/10 MP: 6/6
     1 | D        | Noticed a merfolk siren
    13 | D        | Killed a crocodile
    17 | D        | Killed a merfolk siren
    17 | D        | Reached skill level 10 in Spellcasting
    17 | D        | Reached XP level 2. HP: 15/15 MP: 5/15
    17 | D        | Reached XP level 3. HP: 19/19 MP: 5/17
    17 | D        | Reached XP level 4. HP: 24/24 MP: 5/18
    17 | D        | Reached XP level 5. HP: 28/28 MP: 5/20
    17 | D        | Reached XP level 6. HP: 32/32 MP: 5/21
    19 | D        | Killed Menkaure
    21 | D        | Learned a level 2 spell: Passwall
    25 | D        | Learned a level 3 spell: Stone Arrow
    30 | D        | Learned a level 4 spell: Petrify
    36 | D        | Learned a level 5 spell: Lee's Rapid Deconstruction
   187 | D        | Noticed a neqoxec
   192 | D        | Reached skill level 11 in Spellcasting
   193 | D        | Reached skill level 12 in Spellcasting
   193 | D        | Reached XP level 7. HP: 36/36 MP: 11/24
   195 | D        | Reached skill level 13 in Spellcasting
   298 | D        | Killed a neqoxec
   298 | D        | Gained mutation: Your magical capacity is low. (-10% MP) [a
                  | neqoxec]
   299 | D        | Killed a neqoxec
   300 | D        | Killed a neqoxec
   300 | D        | Reached skill level 14 in Spellcasting
   300 | D        | Reached XP level 8. HP: 41/41 MP: 5/25
   460 | D        | Found Nesiroa's Antique Armour Shop.
   461 | D        | Found Veycadgh's Antique Armour Boutique.
   462 | D        | Found Pattauz's Magic Scroll Boutique.
   462 | D        | Found Gipnag's Jewellery Shop.
   462 | D        | Found Baarral's Antique Armour Shop.
   462 | D        | Found Gyzea's Jewellery Boutique.
   462 | D        | Found Bavu's Food Boutique.
   462 | D        | Found Gigu's Distillery.
   468 | D        | Found Laithubam's Jewellery Shop.
   469 | D        | Found Porely's Antique Armour Shop.
   469 | D        | Found Wuejob's Antique Weapon Boutique.
   470 | D        | Found Dagiushatzef's Book Shop.
   470 | D        | Found Tokev's Gadget Boutique.
   470 | D        | Noticed an oklob plant
   480 | D        | Reached skill level 15 in Earth Magic
   541 | D        | Reached skill level 15 in Spellcasting
   578 | D        | Found Doakkiow's Distillery.
   578 | D        | Found Kegreh's Jewellery Boutique.
   578 | D        | Found Hycyin's Book Shoppe.
   581 | D        | Noticed a spiny frog
   593 | D        | Noticed a slime creature
   597 | D        | Noticed a slime creature
   603 | D        | Noticed a slime creature
   603 | D        | Noticed a spiny frog
   614 | D        | Bought the amulet of Yklyhon {Reflect +Fly Int+5 Dex+3
                  | SH+5} for 671 gold pieces
   652 | D        | Noticed a flying skull
   652 | D        | Noticed a flying skull
   652 | D        | Noticed a flying skull
   652 | D        | Noticed a flying skull
   652 | D        | Noticed a flying skull
   652 | D        | Noticed a flying skull
   652 | D        | Noticed a flying skull
   652 | D        | Noticed a flying skull
   653 | D        | Noticed a flying skull
   653 | D        | Noticed a flying skull
   653 | D        | Noticed a flying skull
   672 | D        | Found an iron altar of Okawaru.
   672 | D        | Found an opulent altar of Gozag.
   673 | D        | Found a sparkling altar of Nemelex Xobeh.
   673 | D        | Found a blossoming altar of Fedhas.
   674 | D        | Found a radiant altar of Vehumet.
   674 | D        | Found a burning altar of Makhleb.
   674 | D        | Found a white marble altar of Elyvilon.
   675 | D        | Found a hide-covered altar of Uskayaw.
   675 | D        | Found a corrupted altar of Lugonu.
   675 | D        | Found a shadowy altar of Dithmenos.
   676 | D        | Found a glowing silver altar of Zin.
   676 | D        | Found a bloodstained altar of Trog.
   676 | D        | Found an ancient bone altar of Kikubaaqudgha.
   677 | D        | Found a basalt altar of Yredelemnul.
   677 | D        | Found a shimmering blue altar of Sif Muna.
   677 | D        | Found a viscous altar of Jiyva.
   678 | D        | Found a shimmering altar of Xom.
   678 | D        | Found a sacrificial altar of Ru.
   680 | D        | Found a glowing golden altar of the Shining One.
   680 | D        | Found an ornate altar of the Wu Jian Council.
   680 | D        | Found a stormy altar of Qazlal.
   680 | D        | Found a snail-covered altar of Cheibriados.
   680 | D        | Found a hazy altar of Hepliaklqana.
   680 | D        | Noticed a hornet
   680 | D        | Noticed a polar bear
   680 | D        | Noticed a polar bear
   681 | D        | Found a roughly hewn altar of Beogh.
   681 | D        | Noticed a yaktaur
   682 | D        | Noticed a polar bear
   687 | D        | Noticed an ice statue
   697 | D        | Noticed a flying skull
   698 | D        | Noticed a flying skull
   720 | D        | Killed a yaktaur
   723 | D        | Killed a polar bear
   723 | D        | Reached skill level 16 in Spellcasting
   723 | D        | Killed a hornet
   723 | D        | Reached XP level 9. HP: 24/45 MP: 2/28
   871 | D        | Became a worshipper of Vehumet
   874 | D        | Killed a polar bear
   875 | D        | Killed a polar bear
   936 | D        | Noticed a kraken
   952 | D        | Killed a kraken
   952 | D        | Reached * piety under Vehumet
   952 | D        | Offered knowledge of Shock by Vehumet.
   952 | D        | Reached skill level 18 in Spellcasting
  1156 | D        | Lost mutation: Your magical capacity is low. (-10% MP)
                  | [potion of mutation]
  1156 | D        | Gained mutation: You are partially covered in yellow
                  | scales. (AC +2) [potion of mutation]
  1156 | D        | Gained mutation: You have a pair of small horns on your
                  | head. [potion of mutation]
  1156 | D        | Gained mutation: Your system is resistant to poisons.
                  | (rPois) [potion of mutation]
  1177 | D        | Noticed Kirke
  1177 | D        | Noticed a skeletal warrior
  1177 | D        | Noticed a kobold demonologist
  1179 | D        | Killed a skeletal warrior
  1179 | D        | Reached XP level 10. HP: 50/50 MP: 23/34
  1180 | D        | Noticed a centaur warrior
  1181 | D        | Killed a centaur warrior
  1181 | D        | Reached skill level 10 in Dodging
  1181 | D        | Killed Kirke
  1181 | D        | Reached ** piety under Vehumet
  1181 | D        | Offered knowledge of Flame Tongue by Vehumet.
  1181 | D        | Noticed a yaktaur captain
  1181 | D        | Noticed a fire dragon
  1205 | D        | Noticed an elephant
  1212 | D        | Killed a yaktaur captain
  1212 | D        | Reached skill level 15 in Dodging
  1429 | D        | Killed an elephant
  1429 | D        | Offered knowledge of Static Discharge by Vehumet.
  1429 | D        | Reached XP level 11. HP: 54/54 MP: 15/35
  1432 | D        | Killed a fire dragon
  1432 | D        | Reached *** piety under Vehumet
  1645 | D        | Bought the ring of Insomnia {rN+ MR++ MP+9} for 543 gold
                  | pieces
  1707 | D        | Reached skill level 1 in Fighting
  1707 | D        | Offered knowledge of Airstrike by Vehumet.
  1746 | D        | Noticed a crystal guardian
  1748 | D        | Killed a crystal guardian
  1748 | D        | Reached **** piety under Vehumet
  1748 | D        | Killed a death drake
  1749 | D        | Noticed a death drake
  1750 | D        | Killed a death drake
  1815 | D        | Noticed a shining eye
  1815 | D        | Noticed a shining eye
  1815 | D        | Noticed a shining eye
  1817 | D        | Gained mutation: You are weak. (Str -2) [a shining eye]
  1818 | D        | Killed a shining eye
  1818 | D        | Reached ***** piety under Vehumet
  1818 | D        | Killed a shining eye
  1820 | D        | Killed a shining eye
  1866 | D        | Lost mutation: Your system is resistant to poisons. (rPois)
                  | [potion of mutation]
  1866 | D        | Lost mutation: You have a pair of small horns on your head.
                  | [potion of mutation]
  1866 | D        | Gained mutation: You are dopey. (Int -2) [potion of
                  | mutation]
  1866 | D        | Lost mutation: You are dopey. (Int -2) [potion of mutation]
  1866 | D        | Gained mutation: You are frail. (-10% HP) [potion of
                  | mutation]
  1866 | D        | Gained mutation: You have a pair of small horns on your
                  | head. [potion of mutation]
  1867 | D        | Lost mutation: You are weak. (Str -2) [potion of mutation]
  1867 | D        | Lost mutation: You have a pair of small horns on your head.
                  | [potion of mutation]
  1867 | D        | Lost mutation: You are frail. (-10% HP) [potion of
                  | mutation]
  1867 | D        | Gained mutation: You have large cloven feet. [potion of
                  | mutation]
  1867 | D        | Gained mutation: Your spells are a little harder to cast,
                  | but a little more powerful. [potion of mutation]
  1912 | D        | Offered knowledge of Bolt of Draining by Vehumet.
  1949 | D        | Noticed a deep elf master archer
  2773 | D        | Shot with an arrow by a deep elf master archer

Levels and vault maps discovered:
D:        the_violet_keep_of_menkaure [sprint2_stairs_cluster_1,
          sprint2_shoproom, sprint2_temple, sprint2_basic_supplies,
          sprint2_obstacle_5, sprint2_obstacle_2, sprint2_obstacle_1,
          sprint2_obstacle_4, sprint2_obstacle_3, sprint2_timed_cluster_1,
          sprint2_smallroom_cluster_1, sprint2_smallroom_final_cluster_1,
          sprint2_transparent_cluster_1, sprint2_second_timed_cluster_1,
          sprint2_sniper_area_1, sprint2_heavy_combat_area_1,
          sprint2_mutation_trap_area_1, sprint2_forest_area_1,
          sprint2_light_combat_area_1, sprint2_behind_water_1,
          sprint2_near_end_vault_1]

Skill      XL: |  1  2  3  4  5  6  7  8  9 10 11 |
---------------+----------------------------------+-----
Spellcasting   | 10 12 14 16 18 | 18.7
Earth Magic    | 12 13 14 16 17 | 17.8
Dodging        | 7 15 16 | 16.8
Fighting       | 9 |  9.4
Stealth        | |  2.4
Transmutations | |  1.1

Action                   |  1- 3 |  4- 6 |  7- 9 | 10-12 || total
-------------------------+-------+-------+-------+-------++-------
 Cast: Sandblast         |    12 |     1 |       |       ||    13
       Lee's Rapid Decon |       |     3 |    24 |    32 ||    59
       Petrify           |       |       |     1 |       ||     1
  Use: Potion            |     3 |       |     2 |     2 ||     7
       Scroll            |       |       |     7 |     2 ||     9
  Eat: Chunk             |       |       |     1 |       ||     1
       Ration            |       |       |       |     2 ||     2
Armor: Robe              |       |       |     1 |       ||     1
Dodge: Dodged            |       |       |     3 |     9 ||    12
